 Dungeon Crawl Stone Soup version 0.27.0-1-g7a089689b8 (webtiles) character file.

Game seed: 263730948355033731

7 Gunterle the Ducker (level 2, 0/23 HPs)
             Began as a Djinni Gladiator on Aug 6, 2021.
             Was a Follower of Nemelex Xobeh.
             Slain by a kobold (2 damage)
             ... on level 1 of the Dungeon.
             The game lasted 00:01:35 (366 turns).

Gunterle the Ducker (Djinni Gladiator)               Turns: 366, Time: 00:01:36

Health: 0/23       AC:  4    Str: 13    XL:     2   Next: 10%
Gold:   3          EV: 12    Int:  9    God:    Nemelex Xobeh [*.....] SH:  0 Dex: 14

rFire    + + .     SeeInvis .   a - +0 long sword
rCold    x . .     Faith    .   (no shield)
rNeg     . . .     Spirit   .   b - +0 leather armour
rPois    ∞         Reflect  .   c - +0 helmet
rElec    .         Harm     .   (no cloak)
rCorr    .         Rampage  .   (no gloves)
Will     .....                  (boots unavailable)
Stlth    +.........             (no amulet)
HPRegen  0.07/turn              (no ring)
MPRegen  0.00/turn              (no ring)

@: flying
A: sickness immunity, fire resistance 2, cold vulnerability 1, float, innate
caster, hp casting, extra vitality 1
a: Renounce Religion, Draw Escape, Draw Destruction, Draw Summoning


You were on level 1 of the Dungeon.
You worshipped Nemelex Xobeh.
Nemelex Xobeh was aware of your devotion.
You visited 1 branch of the dungeon, and saw 1 of its levels.

You collected 3 gold pieces.

Inventory:

Hand Weapons
 a - a +0 long sword (weapon)
Missiles
 d - 3 throwing nets (quivered)
Armour
 b - a +0 leather armour (worn)
 c - a +0 helmet (worn)
Scrolls
 f - a scroll of fear {unknown}
Potions
 e - a potion of magic {unknown}
 g - a potion of haste {unknown}
 h - a potion of flight {unknown}
 i - a potion of heal wounds {unknown}


   Skills:
 + Level 2.0 Fighting
 + Level 3.1 Long Blades
 + Level 1.5 Throwing
 + Level 3.4 Dodging


You had one spell level left.
You didn't know any spells.
Your spell library was empty.

Dungeon Overview and Level Annotations

Branches:
Dungeon (1/15)

Altars:
Nemelex Xobeh


Innate Abilities, Weirdness & Mutations

You are immune to sickness and miasma.
You are immune to poison.
Your flesh is very heat resistant. (rF++)
You are vulnerable to cold. (rC-)
You float through the air rather than walking.
You learn spells naturally, not from books.
Your magical power is your life essence.
You have superior vitality. (+4 HP)


Message History

You hit the kobold but do no damage. The kobold hits you but does no damage.
The kobold hits you with a +0 dagger. The kobold hits you but does no damage.
The kobold hits you with a +0 dagger. The kobold hits you with a +0 dagger.
The kobold barely misses you.
You riposte.
You hit the kobold.
The kobold is severely wounded.
The kobold hits you but does no damage. The kobold barely misses you.
You riposte.
You hit the kobold but do no damage.
The kobold is severely wounded.
The kobold hits you but does no damage. The kobold hits you but does no damage.
The kobold hits you with a +0 dagger. The kobold closely misses you.
The kobold hits you with a +0 dagger. The kobold hits you with a +0 dagger.
The kobold barely misses you. The kobold hits you but does no damage.
The kobold closely misses you. The kobold hits you with a +0 dagger.
The kobold hits you but does no damage. The kobold barely misses you.
You riposte.
You closely miss the kobold.
The kobold is severely wounded.
The kobold hits you but does no damage. The kobold hits you with a +0 dagger.
* * * LOW HITPOINT WARNING * * *
The kobold misses you. The kobold hits you with a +0 dagger.
* * * LOW HITPOINT WARNING * * *
The kobold hits you with a +0 dagger.
* * * LOW HITPOINT WARNING * * *
The kobold barely misses you. The kobold closely misses you.
The kobold misses you. The kobold hits you but does no damage.
The kobold misses you. The kobold hits you with a +0 dagger.
You die...
Your body disappears without a glow.

############
#...........
#.########.. #.# #..
#.# ####..
############.# #.....
#............#####.#...
#......K.........#.#.##
#.....@.....####.#.#...
#.............# #.#...
#####..........# #.#...
#..........# #.....
#..........# ######
>.............
......#.###.##.
.######.# .#


PPP.P You could see a kobold.

Vanquished Creatures
  2 ball pythons (D:1)
  A giant cockroach (D:1)
  A goblin (D:1)
  2 frilled lizards (D:1)
  A rat (D:1)
7 creatures vanquished.

Notes
Turn   | Place    | Note
-------+----------+-------------------------------------------
     0 | D:1      | Gunterle the Djinni Gladiator began the quest for the Orb.
     0 | D:1      | Reached XP level 1. HP: 18/18 MP: 0/0
   258 | D:1      | Found a faded altar of an unknown god.
   263 | D:1      | Reached XP level 2. HP: 23/23 MP: 0/0
   271 | D:1      | Became a worshipper of Nemelex Xobeh the Trickster
   271 | D:1      | Reached * piety under Nemelex Xobeh
   271 | D:1      | Received a gift from Nemelex Xobeh
   360 | D:1      | HP: 1/23 [kobold (1)]
   366 | D:1      | Slain by a kobold

Illustrated notes

Levels and vault maps discovered:
D:1:      minmay_arrival_arboretum_large, layout_basic,
          ebering_ecumenical_altar_petrified, minmay_misc_feat_tiny

Skill      XL: |  1 |
---------------+----+-----
Long Blades    | 3 |  3.1
Fighting       | |  2.0
Throwing       | |  1.5
Dodging        | |  3.4

Action                   || total
-------------------------++-------
Melee: Long sword        ||    19
Armor: Leather armour    ||    17
Dodge: Dodged            ||    31
       Rpst.: Long sword ||    10
